 Dungeon Crawl Stone Soup version 0.21.1-1-g345015f (webtiles) character file.

617 tognito the Cleaver (level 7, 0/57 HPs)
             Began as a Minotaur Berserker on Mar 4, 2018.
             Was a Priest of Trog.
             Killed by nerve-wracking pain
             ... invoked by Grinder
              (5 damage)
             ... on level 5 of the Dungeon.
             The game lasted 00:09:44 (3816 turns).

tognito the Cleaver (Minotaur Berserker)            Turns: 3816, Time: 00:09:44

Health: 0/57       AC: 16    Str: 23    XL:     7   Next: 21%
Magic:  6/6        EV:  7    Int:  9    God:    Trog [***...]
Gold:   208        SH:  0    Dex: 10    Spells: 6/6 levels left

rFire    . . .     SeeInvis .   a - +1 hand axe
rCold    . . .     Gourm    .   (no shield)
rNeg     . . .     Faith    .   k - +1 plate armour
rPois    .         Spirit   .   (helmet restricted)
rElec    .         Reflect  .   (no cloak)
rCorr    .         Harm     .   (no gloves)
MR       .....                  r - +0 pair of boots
Stlth    ..........             (no amulet)
HPRegen  0.19/turn              n - +5 ring of intelligence
MPRegen  0.10/turn              q - +3 ring of protection

@: no status effects
A: retaliatory headbutt, horns 2
a: Berserk, Trog's Hand, Burn Spellbooks, Renounce Religion


You were on level 5 of the Dungeon.
You worshipped Trog.
Trog was most pleased with you.
You were not hungry.

You visited 1 branch of the dungeon, and saw 5 of its levels.

You collected 208 gold pieces.

Inventory:

Hand Weapons
 a - a +1 hand axe (weapon)
Missiles
 d - 48 arrows
 e - 81 bolts
Armour
 k - a +1 plate armour (worn)
 r - a +0 pair of boots (worn)
Jewellery
 n - a +5 ring of intelligence (left hand)
 q - a +3 ring of protection (right hand)
Wands
 g - a wand of acid (7)
 j - a wand of random effects (22)
Scrolls
 f - 8 scrolls of identify
 h - 3 scrolls of teleportation
 i - 5 scrolls of enchant armour
 l - a scroll of enchant weapon
 m - 5 scrolls of remove curse
 o - a scroll of noise {unknown}
Comestibles
 b - 2 chunks of flesh
 c - 8 rations


   Skills:
 - Level 3.6 Fighting
 + Level 10.0 Axes
 - Level 2.4 Armour
 - Level 2.1 Dodging


You had 6 spell levels left.
You didn't know any spells.

Dungeon Overview and Level Annotations

Branches:
Dungeon (5/15)             Temple (0/1) D:5

Altars:
Ashenzari
Cheibriados
Dithmenos
Fedhas
Hepliaklqana
Kikubaaqudgha
Makhleb
Qazlal
Sif Muna
Uskayaw
Xom
Zin

Annotations:
D:5 Grinder, Ijyb


Innate Abilities, Weirdness & Mutations

You reflexively headbutt those who attack you in melee.
You have a pair of horns on your head.


Message History

You can move again.
You hit Ijyb but do no damage.
Ijyb is heavily wounded.
You hit Ijyb.
Ijyb is severely wounded.
Ijyb hits you but does no damage.
Your plate armour prevents you from hitting Ijyb.
Ijyb is severely wounded.
Ijyb zaps a wand.
The puff of flame hits you!
* * * LOW HITPOINT WARNING * * *
Your plate armour prevents you from hitting Ijyb.
You headbutt Ijyb, but do no damage.
Ijyb is severely wounded.
Grinder says, "My boss said I was rubbish.
His entrails said otherwise."
Ijyb hits you but does no damage.
You hit Ijyb but do no damage.
Ijyb is severely wounded.
Grinder gestures at you. Pain shoots through your body!
You die...

#.# #.#
###.#############.##
#.......<...........
#.#(#############.#. #
#.#(# #.#. ##.##5#.#####
#####.#.
.......(....#####...#.#.
.......[..............#(
##...#.@.##.###.......#.
####.##g# .....>....##
#. S.. .........## #.
##... .#.......# #.
.....#.....#..
....#.###...#
...........## ...
.####### #...


You could see Grinder, Ijyb and a ball python.

Vanquished Creatures
  A sky beast (D:5)
  A phantom (D:5)
  A centaur (D:5)
  The ghost of letownia2 the Conjurer, an amateur TeCj of Cheibriados (D:3)
  A crimson imp (D:5)
  A gnoll shaman (D:4)
  2 hounds
  A worker ant (D:5)
  A hound zombie (D:5)
  3 adders
  A shadow imp (D:5)
  2 oozes
  An adder zombie (D:5)
  8 dart slugs (D:3)
  7 leopard geckos
  4 orcs
  8 bats
  2 giant cockroaches
  4 goblins
  6 hobgoblins
  A quokka (D:5)
  2 frilled lizards
  A giant cockroach zombie (D:5)
  12 kobolds
  A leopard gecko zombie (D:5)
  A quokka skeleton (D:4)
  5 rats
79 creatures vanquished.

Notes
Turn   | Place    | Note
-------+----------+-------------------------------------------
     0 | D:1      | tognito the Minotaur Berserker began the quest for the Orb.
     0 | D:1      | Reached XP level 1. HP: 19/19 MP: 0/0
    54 | D:1      | Reached skill level 4 in Axes
   151 | D:1      | Reached XP level 2. HP: 6/26 MP: 1/1
   934 | D:2      | Reached skill level 5 in Axes
   995 | D:2      | Reached XP level 3. HP: 23/31 MP: 2/2
  1481 | D:2      | You fall through a shaft!
  1671 | D:2      | Found a snail-covered altar of Cheibriados.
  1671 | D:2      | Found a stormy altar of Qazlal.
  1721 | D:3      | Reached ** piety under Trog
  1808 | D:3      | Reached XP level 4. HP: 32/39 MP: 3/3
  1852 | D:3      | Found a shimmering altar of Xom.
  1852 | D:3      | Noticed letownia2's ghost (amateur TeCj)
  1863 | D:3      | Killed letownia2's ghost
  1863 | D:3      | Reached skill level 6 in Axes
  1870 | D:3      | Reached XP level 5. HP: 32/45 MP: 4/4
  1963 | D:3      | Found a burning altar of Makhleb.
  2079 | D:3      | Reached skill level 7 in Axes
  2114 | D:3      | Found a deep blue altar of Sif Muna.
  2251 | D:3      | Found a hide-covered altar of Uskayaw.
  2252 | D:3      | Noticed a dagger
  2252 | D:3      | Noticed a hand axe
  2273 | D:3      | Found a shadowy altar of Dithmenos.
  2309 | D:3      | Found a hazy altar of Hepliaklqana.
  2711 | D:4      | Found an ancient bone altar of Kikubaaqudgha.
  2881 | D:4      | Found a shattered altar of Ashenzari.
  2969 | D:4      | Found a glowing silver altar of Zin.
  2969 | D:4      | Noticed an angel
  3346 | D:5      | Entered Level 5 of the Dungeon
  3377 | D:5      | Found a blossoming altar of Fedhas.
  3382 | D:5      | Reached skill level 8 in Axes
  3402 | D:5      | Noticed a phantom
  3405 | D:5      | Noticed a sky beast
  3425 | D:5      | Killed a sky beast
  3425 | D:5      | Reached XP level 6. HP: 17/51 MP: 5/5
  3429 | D:5      | Reached skill level 9 in Axes
  3680 | D:5      | Found a staircase to the Ecumenical Temple.
  3790 | D:5      | Reached XP level 7. HP: 57/57 MP: 6/6
  3794 | D:5      | Noticed Ijyb
  3797 | D:5      | Noticed Grinder
  3800 | D:5      | Reached *** piety under Trog
  3800 | D:5      | Reached skill level 10 in Axes
  3809 | D:5      | Paralysed by Grinder for 2 turns
  3816 | D:5      | Killed from afar by Grinder

Skill      XL: |  1  2  3  4  5  6  7 |
---------------+----------------------+-----
Axes           | 4 5 6 8 9 10 | 10.0
Fighting       | |  3.6
Armour         | |  2.4
Dodging        | |  2.1

Action                   |  1- 3 |  4- 6 |  7- 9 || total
-------------------------+-------+-------+-------++-------
Melee: Hand axe          |    77 |   133 |    19 ||   229
       Headbutt          |    14 |    26 |     4 ||    44
  Use: Potion            |     5 |     2 |       ||     7
       Scroll            |     7 |       |       ||     7
  Eat: Chunk             |     3 |     6 |       ||     9
Armor: Animal skin       |     3 |       |       ||     3
       Chain mail        |    20 |       |       ||    20
       Plate armour      |    11 |    68 |    12 ||    91
Dodge: Dodged            |    41 |    50 |     8 ||    99
